cohdb
Replays
Latest Replays
All Replays
Popular Replays
Top Player Replays
Match Explorer
How It Works
Community
CoH3 Stats
Reddit
Sign in to upload your games and track your stats! →
Sign in with Steam
Match 45648868
Unlisted
Match 45648868
Overview
Messages
Build Orders
End
Construct Section Command Post
Infantry Section
Infantry Section
Infantry Section
Construct Platoon Command Post
Selects Air and Sea Battlegroup
Selects Supply Surplus
Construct Resource Cache
Construct Resource Cache
Humber Armored Car
Infantry Section
Construct Resource Cache
6-pounder Anti-tank Gun Team
Construct Company Command Post
Selects UNKNOWN (223837)
Centaur IV Medium Tank
Infantry Training
Armored Vehicle Training
Royal Engineer Section
Matilda II Heavy Tank
Selects Naval Bombardment
Matilda II Heavy Tank
Naval Bombardment
Unlock M3 Grant Medium Tanks
M3 Grant Medium Tank
M3 Grant Medium Tank
M3 Grant Medium Tank
Naval Bombardment
Selects Commando Section Paradrop
Selects Commando Support Section Paradrop
Selects Anti-tank Rocket Loiter
Anti-tank Rocket Loiter
Construct Resource Cache
M3 Grant Medium Tank
Construct Resource Cache
Anti-tank Rocket Loiter
LionElPotato
ryan.cullen_20
乐乐
Microsoft Word
battlenationaka
Pioneer Combine
UtataNation 🛌🌟
John Wick
0
0
Comments
sign in to comment!
No comments posted yet!